 Dungeon Crawl Stone Soup version 0.19-a0-1260-gc94d3f7 (webtiles) character file.

85176 hairmachine the Impaler (level 15, -4/131 HPs)
             Began as a Merfolk Gladiator on Aug 28, 2016.
             Was a High Priest of Uskayaw.
             Killed by divine providence
             ... invoked by a meliai
              (12 damage)
             ... on level 3 of the Shoals.
             The game lasted 01:56:42 (36505 turns).

hairmachine the Impaler (Merfolk Gladiator)        Turns: 36505, Time: 01:56:43

Health: -4/131     AC: 17    Str: 19    XL:     15   Next: 83%
Magic:  20/20      EV: 31    Int:  7    God:    Uskayaw [*****.]
Gold:   1688       SH:  7    Dex: 18    Spells: 1 memorised, 13 levels left

rFire  + . .     SeeInvis .     e - +1 spear (freeze)
rCold  . . .     Gourm    .     U - +6 mottled dragon armour
rNeg   . . .     Faith    .     u - +2 buckler {reflect}
rPois  .         Spirit   .     D - +1 helmet
rElec  .         Dismiss  .     (no cloak)
rCorr  .         Reflect  +     S - +0 pair of gloves
MR     +....     Harm     .     (boots currently unavailable)
Stlth  ++........               P - amulet of rage
                                w - ring of protection from fire
                                F - +2 ring of slaying

@: very slightly contaminated, hasted, very quick
A: change form in water, swift swim, stealthy swim
a: Stomp, Line Pass, Grand Finale, Renounce Religion, Evoke Berserk Rage


You were on level 3 of the Shoals.
You worshipped Uskayaw.
Uskayaw was noncommittal.
You were not hungry.

You visited 5 branches of the dungeon, and saw 26 of its levels.
You also visited: Sewer and Ossuary.

You collected 2008 gold pieces.
You spent 320 gold pieces at shops.

Inventory:

Hand Weapons
 e - a +1 spear of freezing (weapon)
Missiles
 y - 2 throwing nets (quivered)
Armour
 u - a +2 buckler of reflection (worn)
 D - a +1 helmet (worn)
 L - a +0 pair of boots (melded)
 S - a +0 pair of gloves (worn)
 U - a +6 mottled dragon armour (worn)
Rods
 T - a +0 iron rod (10/10)
   (You found it on level 10 of the Dungeon)
Jewellery
 g - an uncursed ring of resist corrosion
 n - an uncursed ring of protection from fire
 w - a ring of protection from fire (right hand)
 z - an uncursed amulet of magic regeneration
 F - a +2 ring of slaying (left hand)
 P - an amulet of rage (around neck)
Wands
 h - a wand of iceblast (1/15)
 i - a wand of lightning (3/15)
 M - a wand of disintegration (10/24)
 R - a wand of enslavement (16/24)
 W - a wand of teleportation (5/9)
 Y - a wand of teleportation (3/9)
 Z - a wand of iceblast (6/15)
Scrolls
 c - 4 scrolls of identify
 k - 2 scrolls of blinking
 r - 4 scrolls of fog
 v - 3 scrolls of remove curse
 G - a scroll of acquirement {unknown}
 H - 2 scrolls of magic mapping
 I - 7 scrolls of recharging
 K - 2 scrolls of enchant weapon
 Q - 2 scrolls of noise {unknown}
 V - 3 scrolls of teleportation
Potions
 a - a potion of ambrosia {unknown}
 d - 2 potions of cure mutation
 l - a potion of beneficial mutation {unknown}
 o - 5 potions of lignification
 s - 2 potions of might
 x - 3 potions of magic
 A - 3 potions of haste
 B - a potion of mutation {unknown}
 C - a potion of brilliance {unknown}
 E - 5 potions of flight {unknown}
 N - a potion of agility {unknown}
 O - 3 potions of curing
Books
 p - the Volume of Lucky Cold
   (You found it on level 3 of the Shoals)

   Spells                             Type                      Level
   a - Repel Missiles                 Charms/Air                   2
   b - Swiftness                      Charms/Air                   2
   c - Song of Slaying                Charms                       2
   d - Shroud of Golubria             Charms/Translocation         2
   e - Throw Icicle                   Conjuration/Ice              4
   f - Simulacrum                     Ice/Necromancy               6
Miscellaneous
 J - a disc of storms
Comestibles
 b - 10 meat rations
 f - 12 bread rations
 j - 3 royal jellies
 m - 31 fruits
 q - 3 chunks of flesh
 t - 5 beef jerkies


   Skills:
 + Level 16.0 Fighting
 - Level 18.7 Polearms
 - Level 2.0 Throwing
 - Level 5.8 Armour
 + Level 17.4 Dodging
 - Level 4.3 Shields
 - Level 3.6 Necromancy
 + Level 7.7 Evocations


You had 13 spell levels left.
You knew the following spells:

 Your Spells              Type           Power        Failure   Level  Hunger
a - Animate Skeleton      Necr           N/A          14%         1    ##.....


Dungeon Overview and Level Annotations

Branches:
Dungeon (14/15)            Temple (1/1) D:4            Lair (6/6) D:11
 Shoals (3/4) Lair:2        Snake (0/4) Lair:2        Slime (0/5) Lair:5
    Orc (2/2) D:11            Elf (0/3) Orc:2
 Vaults: D:13-14

Altars:
Ashenzari
Cheibriados
Dithmenos
Elyvilon
Fedhas
Gozag
Hepliaklqana
Kikubaaqudgha
Makhleb
Nemelex Xobeh
Okawaru
Qazlal
Sif Muna
Trog
Uskayaw
Vehumet
Xom
Yredelemnul
Zin
The Shining One
Beogh
Jiyva

Shops:
D:5 [   D:11 *   Orc:2 ?([   Shoals:1 =   Shoals:2 *

Annotations:
D:13 Sonja


Message History

You feel yourself speed up. The harpy misses you. You block the harpy's attack.
The harpy misses you. The harpy completely misses you.
The meliai hits you with a hand axe!
* * * LOW HITPOINT WARNING * * *
The meliai barely misses you.
The snapping turtle bites you from afar!
* * * LOW HITPOINT WARNING * * *
The meliai misses you.
The meliai stings you but does no damage.
You block the snapping turtle's attack.
You are very lightly contaminated with residual magic.
The harpy screeches!
The snapping turtle completely misses you.
The meliai mumbles some strange prayers to its god against you.
Something smites you!
* * * LOW HITPOINT WARNING * * *
The snapping turtle completely misses you.
The meliai invokes the aid of its god against you.
Something smites you!
You die...

≈≈≈≈≈.≈≈≈≈≈≈≈≈≈≈≈≈#
≈≈≈≈≈≈≈≈≈≈≈≈≈≈≈≈≈≈#
≈..>.≈≈≈≈≈≈≈≈≈≈≈≈≈#
.##..≈≈≈≈≈≈≈H≈†≈≈≈#
.###.≈≈≈≈≈≈≈≈≈t≈H≈#
.....≈≈≈≈≈≈≈≈≈t≈y≈#
≈....≈≈.≈≈≈≈≈≈≈≈H≈#
≈.......≈≈≈≈≈≈≈≈≈≈#
.......≈≈≈≈≈≈≈≈≈@≈#
...≈.≈≈≈≈≈≈≈≈≈≈≈≈≈#
..≈≈≈≈≈≈≈≈≈≈≈≈≈≈≈≈#
..≈≈≈≈≈≈≈.≈≈≈≈≈≈≈≈#
#≈≈≈≈≈≈≈≈.≈≈≈≈≈≈≈≈#
.≈≈≈≈≈≈≈≈#
..≈≈≈≈≈≈≈#
.≈≈≈≈≈≈≈≈#


You could see a minotaur, 2 snapping turtles, 2 harpies and a meliai.

Vanquished Creatures
  Polyphemus (Shoals:3)
  An orc warlord (Orc:2)
  The ghost of Kidiri the Eclecticist, a journeyman DEFE of Vehumet (D:12)
  Nessos (Lair:4)
  An ettin (Orc:1)
  Josephine (D:13)
  Harold (Lair:3)
  Erolcha (D:13)
  6 hydras
  2 alligator snapping turtles (Shoals:2)
  4 death yaks
  A merfolk aquamancer (Shoals:2)
  3 orc high priests
  Nergalle (Lair:4)
  3 unseen horrors
  4 hill giants
  8 sea snakes
  13 harpies
  An orc sorcerer (Orc:1)
  6 griffons
  4 manticores
  4 fauns (Shoals:2)
  An orc knight (Orc:1)
  A deep elf mage (D:13)
  4 ugly things
  5 cyclopes
  5 elephants
  2 black mambas
  7 spiny frogs
  7 sirens
  2 kobold demonologists
  A gargoyle (D:12)
  7 komodo dragons
  3 centaur skeletons
  A rime drake (Lair:1)
  4 trolls
  9 merfolk
  12 blink frogs
  5 slime creatures (D:12)
  A boulder beetle (Lair:5)
  3 two-headed ogres
  2 snapping turtles (Shoals:2)
  3 dream sheep (Shoals:1)
  A spriggan (D:7)
  2 water elementals (Shoals:2)
  5 wraiths (D:13)
  34 yaks
  Grum (Lair:1)
  6 hippogriffs
  A basilisk (Lair:3)
  5 hungry ghosts
  3 wargs
  A mottled dragon (D:13)
  A soldier ant (D:11)
  5 nagas (Lair:2)
  12 water moccasins
  16 porcupines
  29 orc warriors
  5 sky beasts
  An ice beast (D:11)
  5 black bears
  An eye of draining (D:13)
  2 phantoms
  10 ogres
  7 wolves
  9 centaurs
  18 crocodiles
  An elf zombie (Ossuary)
  16 giant frogs
  A water moccasin zombie (D:6)
  3 scorpions
  4 wights (D:13)
  4 howler monkeys
  3 centaur zombies
  A giant frog zombie (D:12)
  4 crimson imps
  A wasp zombie (D:8)
  3 jellies
  2 quasits
  3 giant frog skeletons
  6 hounds
  2 human zombies (Ossuary)
  10 orc priests
  10 iguanas
  28 orc wizards
  7 worker ants
  2 big kobold zombies (Ossuary)
  A hound zombie (D:5)
  2 mummies (Ossuary)
  2 gnolls (D:2)
  A howler monkey skeleton (D:7)
  16 adders
  91 river rats
  4 shadow imps
  12 white imps (Lair:6)
  3 oozes
  An adder skeleton (D:4)
  4 worms
  2 dart slugs
  8 giant geckos
  103 orcs
  9 giant cockroaches
  13 goblins
  7 hobgoblins
  22 jackals
  4 quokkas
  4 ball pythons
  12 bats
  A giant gecko skeleton (D:5)
  9 giant newts
  3 goblin zombies (Ossuary)
  7 hobgoblin zombies (Ossuary)
  A jackal skeleton (D:8)
  5 kobolds
  10 kobold zombies (Ossuary)
  9 orc zombies (Ossuary)
  A quokka skeleton (D:8)
  29 rats
  A rat zombie (Ossuary)
841 creatures vanquished.

Vanquished Creatures (collateral kills)
  A water nymph (Shoals:1)
1 creature vanquished.

Vanquished Creatures (others)
  A sea snake (Shoals:3)
  An orc sorcerer (Orc:1)
  A faun (Shoals:2)
  A hound (D:13)
  A river rat (Lair:4)
  A bush (Shoals:3)
  19 fungi
  12 plants
  10 tentacles (Shoals:2)
47 creatures vanquished.

Grand Total: 889 creatures vanquished

Notes
Turn   | Place    | Note
-------+----------+-------------------------------------------
     0 | D:1      | hairmachine the Merfolk Gladiator began the quest for the Orb.
     0 | D:1      | Reached XP level 1. HP: 16/16 MP: 1/1
    71 | D:1      | Reached skill level 5 in Polearms
   172 | D:1      | Reached XP level 2. HP: 22/22 MP: 2/2
   767 | D:1      | Reached skill level 6 in Polearms
   767 | D:1      | Reached XP level 3. HP: 24/27 MP: 3/3
  1244 | D:2      | Reached skill level 7 in Polearms
  1244 | D:2      | Reached XP level 4. HP: 33/33 MP: 4/4
  2402 | D:3      | Reached XP level 5. HP: 39/39 MP: 5/5
  2637 | D:3      | Found a glowing drain.
  2665 | Sewer    | Entered a sewer
  3613 | D:3      | Found a sparkling altar of Nemelex Xobeh.
  3734 | D:3      | Reached skill level 8 in Polearms
  3734 | D:3      | Reached XP level 6. HP: 48/48 MP: 6/6
  3865 | D:4      | Reached skill level 5 in Dodging
  4538 | D:4      | Found a staircase to the Ecumenical Temple.
  4543 | Temple   | Entered the Ecumenical Temple
  4591 | Temple   | Became a worshipper of Uskayaw the Reveler
  4613 | D:4      | Reached * piety under Uskayaw
  4637 | D:4      | Reached ** piety under Uskayaw
  4735 | D:4      | Found a hazy altar of Hepliaklqana.
  4782 | D:4      | Reached XP level 7. HP: 51/55 MP: 7/7
  4967 | D:5      | Entered Level 5 of the Dungeon
  4967 | D:5      | Found a basalt altar of Yredelemnul.
  5472 | D:5      | Reached skill level 5 in Fighting
  5472 | D:5      | Reached skill level 9 in Polearms
  5709 | D:5      | Found Wiux's Antique Armour Shoppe.
  6036 | D:6      | Found a sand-covered staircase.
  6041 | Ossuary  | Entered an ossuary
  6162 | Ossuary  | Reached XP level 8. HP: 59/64 MP: 8/8
  6224 | Ossuary  | Reached *** piety under Uskayaw
  6831 | D:6      | Reached skill level 10 in Polearms
  7396 | D:6      | Reached XP level 9. HP: 72/72 MP: 9/9
  7505 | D:7      | Reached skill level 11 in Polearms
  8337 | D:7      | Found a shadowy altar of Dithmenos.
  8767 | D:8      | Found an opulent altar of Gozag.
  8799 | D:7      | You fall through a shaft!
  8966 | D:8      | Reached skill level 1 in Armour
  9174 | D:8      | Reached skill level 10 in Dodging
  9177 | D:8      | Reached **** piety under Uskayaw
  9181 | D:8      | Reached ***** piety under Uskayaw
  9321 | D:8      | Reached skill level 12 in Polearms
  9392 | D:8      | Reached XP level 10. HP: 77/82 MP: 10/10
 10567 | D:9      | Found an iron altar of Okawaru.
 10568 | D:9      | Found a bloodstained altar of Trog.
 10862 | D:9      | Reached skill level 1 in Evocations
 11067 | D:9      | Noticed a deep troll
 11087 | D:10     | Entered Level 10 of the Dungeon
 11638 | D:10     | Noticed a hill giant
 11769 | D:9      | Found a hazy altar of Hepliaklqana.
 12033 | D:11     | Killed an unseen horror
 12033 | D:11     | Reached skill level 13 in Polearms
 12279 | D:11     | Found a staircase to the Orcish Mines.
 12454 | D:11     | Found a staircase to the Lair.
 12479 | D:11     | Noticed a hill giant
 12499 | Lair:1   | Entered Level 1 of the Lair of Beasts
 12499 | Lair:1   | Noticed Grum
 12521 | Lair:1   | Killed Grum
 12530 | Lair:1   | Reached skill level 10 in Fighting
 12550 | Lair:1   | Reached ****** piety under Uskayaw
 12727 | Lair:1   | Reached XP level 11. HP: 87/90 MP: 13/13
 12949 | Lair:1   | Noticed a six-headed hydra
 12970 | Lair:1   | Killed a six-headed hydra
 13849 | Lair:2   | Reached skill level 14 in Polearms
 13908 | Lair:1   | Reached skill level 5 in Evocations
 14227 | Lair:2   | Learned a level 1 spell: Animate Skeleton
 14421 | Lair:2   | Reached skill level 1 in Necromancy
 15031 | Lair:2   | Found a staircase to the Snake Pit.
 15045 | Lair:2   | Found a staircase to the Shoals.
 15045 | Lair:2   | Noticed a manticore
 15046 | Lair:2   | Noticed a griffon
 15360 | Lair:2   | Killed a griffon
 15360 | Lair:2   | Reached skill level 5 in Armour
 15638 | Lair:2   | Killed a manticore
 16239 | Lair:3   | Noticed Harold
 16278 | Lair:3   | Killed Harold
 16278 | Lair:3   | Reached XP level 12. HP: 81/100 MP: 15/15
 16922 | Lair:3   | Reached skill level 15 in Polearms
 17087 | Lair:3   | Noticed a six-headed hydra
 17100 | Lair:3   | Killed a six-headed hydra
 17815 | Lair:4   | Noticed a six-headed hydra
 17831 | Lair:4   | Killed a six-headed hydra
 18655 | Lair:4   | Reached skill level 16 in Polearms
 18782 | Lair:4   | Noticed a five-headed hydra
 18815 | Lair:4   | Noticed Nessos
 18817 | Lair:4   | Killed a five-headed hydra
 19082 | Lair:4   | Killed Nessos
 19242 | Lair:4   | Noticed Nergalle
 19345 | Lair:5   | Reached XP level 13. HP: 106/109 MP: 16/16
 19388 | Lair:5   | Found a staircase to the Slime Pits.
 19388 | Lair:5   | Found a viscous altar of Jiyva.
 20034 | Lair:5   | Got a distressingly furry chain mail
 20045 | Lair:5   | Identified the +7 chain mail "Hehobo" {-Cast Int+4} (You found it on level 5 of the Lair of Beasts)
 21772 | Lair:6   | Entered Level 6 of the Lair of Beasts
 21787 | Lair:5   | Reached skill level 17 in Polearms
 22257 | Lair:6   | Found a frozen archway.
 23993 | Lair:4   | Killed Nergalle
 24600 | D:11     | Found Yxutus's General Store.
 24722 | D:11     | Reached skill level 18 in Polearms
 25041 | Orc:1    | Entered Level 1 of the Orcish Mines
 25074 | Orc:1    | Reached XP level 14. HP: 100/120 MP: 17/17
 25307 | Orc:1    | Paralysed by an orc sorcerer for 2 turns
 25702 | Orc:1    | Reached skill level 15 in Dodging
 26463 | Orc:2    | Entered Level 2 of the Orcish Mines
 26731 | Orc:2    | Found a roughly hewn altar of Beogh.
 27809 | Orc:2    | Noticed an orc warlord
 27918 | Orc:2    | Killed an orc warlord
 28323 | Orc:2    | Found Cabymm's Antique Armour Emporium.
 28324 | Orc:2    | Found a roughly hewn altar of Beogh.
 28327 | Orc:2    | Found Pyheugax's Antique Weapon Shoppe.
 28353 | Orc:2    | Bought a runed buckler for 130 gold pieces
 28353 | Orc:2    | Bought a runed helmet for 130 gold pieces
 28536 | Orc:2    | Found a staircase to the Elven Halls.
 28614 | Orc:2    | Noticed a stone giant
 28720 | Orc:2    | Found a roughly hewn altar of Beogh.
 28743 | Orc:2    | Found Qigol's Magic Scroll Shop.
 28764 | Orc:2    | Bought a scroll of identify for 24 gold pieces
 28764 | Orc:2    | Bought a scroll of teleportation for 36 gold pieces
 29500 | D:12     | Noticed Kidiri's ghost (journeyman DEFE)
 29533 | D:12     | Killed Kidiri's ghost
 30958 | D:13     | Reached skill level 1 in Shields
 30993 | D:13     | Found a flagged portal.
 31036 | D:13     | Noticed Erolcha
 31047 | D:13     | Killed Erolcha
 31549 | D:13     | Reached skill level 15 in Fighting
 31700 | D:13     | Noticed Josephine
 31731 | D:13     | Killed Josephine
 31989 | D:13     | Noticed Sonja
 32044 | D:14     | Reached XP level 15. HP: 92/129 MP: 19/19
 32517 | Shoals:1 | Entered Level 1 of the Shoals
 32841 | Shoals:1 | Found Gujinast's Jewellery Shoppe.
 34609 | Shoals:2 | Found Zecovoz's Assorted Antiques.
 35318 | Shoals:2 | Noticed a kraken
 36150 | Shoals:3 | Identified the Volume of Lucky Cold
 36195 | Shoals:3 | Noticed Polyphemus
 36275 | Shoals:3 | Killed Polyphemus
 36505 | Shoals:3 | Killed from afar by a meliai

Vault maps used:
D:1:      evilmike_arrival_fibonacci_small
D:2:      nicolae_overflow_crystal_walls, hex_large
D:3:      nicolae_overflow_hidden_temple, gup_sewer_entry_pipe
D:4:      kennysheep_the_goblin_king, lemuel_doored_altar
D:5:      serial_shops, nicolae_shop_stone, first_bread, basic_altar,
          hangedman_abyss_or_decor_lesser_grid, trog_book
D:6:      black_bear_nest_1, enter_ossuary_3, st_stairs_11
D:7:      basic_altar, the_bakery
D:8:      overflow_temple_1_default
D:9:      lemuel_upstairs_altar, grunt_temple_overflow_bloody_war,
          kennysheep_just_a_vault
D:10:     minmay_four_partial_circles
D:11:     due_lair_maze_entry_diamond, orc_0_dummy, serial_shops, shop
D:13:     david_vaults_5, enter_bailey_8, uniq_sonja, uniq_josephine,
          uniq_erolcha
D:14:     lab_entry_generic, grunt_decor_mini_mirrors, uniq_rupert, uniq_agnes
Temple:   eino_wide_crystal_templ
Lair:1:   grunt_megastairs_2, lemuel_fruit_tree, uniq_grum
Lair:2:   minmay_shoals_entry_beasts, minmay_snake_entry_guardpost_medium,
          beast_lair_carwin_4
Lair:3:   grunt_megastairs_5, uniq_harold
Lair:4:   enter_volcano_4, infiniplex_staircase_pool_2, serial_bayou_shore_a,
          uniq_nessos, uniq_nergalle
Lair:5:   slime_altar_1
Lair:6:   hangedman_lair_in_review, wormcave, portal_ice_cave_entry_imps,
          disabler_island
Shoals:1: serial_shops, shop_statue
Shoals:2: serial_shops, nicolae_shop_competitors_out_of_business
Shoals:3: regret_index_shoals_crete, uniq_polyphemus
Orc:2:    grunt_orc_community_town_hall, grunt_orc_community_big_house_1,
          grunt_orc_community_big_house_2, grunt_orc_community_house_3,
          grunt_orc_community_house_2, grunt_orc_community_house_1,
          grunt_orc_community_house_3, grunt_orc_community_house_2,
          grunt_orc_community_house_3, basic_altar
Sewer:    sewer_co_cracked_pipes
Ossuary:  ossuary_tomb_1

Skill      XL: |  1  2  3  4  5  6  7  8  9 10 11 12 13 14 15 |
---------------+----------------------------------------------+-----
Polearms       | 5 6 7 8 9 10 12 13 14 16 18 | 18.7
Fighting       | 3 4 5 7 8 10 11 12 14 15 16 | 16.0
Dodging        | 5 6 8 10 12 14 16 17 | 17.4
Armour         | 2 3 5 |  5.8
Evocations     | 3 5 6 7 |  7.7
Necromancy     | 2 3 |  3.6
Shields        | 2 4 |  4.3
Throwing       | |  2.0

Action                   |  1- 3 |  4- 6 |  7- 9 | 10-12 | 13-15 || total
-------------------------+-------+-------+-------+-------+-------++-------
Melee: Spear             |    93 |   395 |   797 |  1401 |  2321 ||  5007
       Trident           |     4 |       |       |       |       ||     4
       Tailslap          |       |     1 |       |       |    61 ||    62
       Glaive            |       |       |       |       |   465 ||   465
Throw: Throwing net      |       |       |     3 |     3 |       ||     6
 Cast: Animate Skeleton  |       |       |       |       |     1 ||     1
Invok: Stomp             |       |       |     1 |       |     2 ||     3
 Abil: Evoke Berserk Rag |       |       |       |       |     1 ||     1
Evoke: Rod               |       |       |       |     1 |     1 ||     2
       Disc of storms    |       |       |       |       |     1 ||     1
  Use: Potion            |       |     4 |       |     9 |    12 ||    25
       Scroll            |       |     3 |     2 |    15 |    21 ||    41
 Stab: Held in net/web   |       |       |     4 |     4 |       ||     8
       Paralysed         |       |       |     9 |    50 |   117 ||   176
       Distracted        |       |       |       |       |     1 ||     1
       Petrified         |       |       |       |       |    28 ||    28
       Petrifying        |       |       |       |       |     5 ||     5
  Eat: Chunk             |     1 |    22 |    33 |    31 |    45 ||   132
       Pizza             |       |       |       |     1 |       ||     1
       Beef jerky        |       |       |       |     1 |     1 ||     2
       Royal jelly       |       |       |       |       |     1 ||     1
       Meat ration       |       |       |       |       |     2 ||     2
       Fruit             |       |       |       |       |     1 ||     1
Armor: Scale mail        |    18 |    73 |   110 |       |       ||   201
       Chain mail        |       |       |     9 |   230 |   339 ||   578
       Ring mail         |       |       |       |       |    40 ||    40
       Mottled dragon ar |       |       |       |       |    83 ||    83
Dodge: Dodged            |    31 |   115 |   255 |   344 |  1227 ||  1972
Block: Buckler           |       |       |       |       |   187 ||   187
       Reflection        |       |       |       |       |    19 ||    19
